 Dungeon Crawl Stone Soup version 0.27-a0-836-gfc908b8576 (webtiles) character file.

Game seed: 8965175775464592183

1864 wakim the Magician (level 9, -4/66 HPs)
             Began as a Djinni Venom Mage on Apr 1, 2021.
             Was a Believer of Wu Jian.
             Slain by a wight
             ... wielding a +0 halberd
              (7 damage)
             ... on level 6 of the Dungeon.
             The game lasted 00:20:39 (7195 turns).

wakim the Magician (Djinni Venom Mage)              Turns: 7195, Time: 00:20:40

Health: -4/66      AC:  9    Str:  7    XL:     9   Next: 13%
Gold:   236        EV: 13    Int: 27    God:    Wu Jian [**....] SH:  0 Dex: 13

rFire    + + .     SeeInvis .   a - +6 demon trident (drain) {polearm}
rCold    x . .     Faith    .   (no shield)
rNeg     . . .     Spirit   .   f - +0 leather armour rPois โˆž Reflect .
                                d - +1 helmet
rElec    .         Harm     .   (no cloak)
rCorr    .         Rampage  .   (no gloves)
Will     .....                  (boots unavailable)
Stlth    ++........             (no amulet)
HPRegen  0.21/turn              c - +4 ring of protection
MPRegen  0.00/turn              r - +6 ring of intelligence

@: flying
A: fire resistance 2, cold vulnerability 1, float, innate caster, hp casting,
extra vitality 1
a: Renounce Religion, Wall Jump


You were on level 6 of the Dungeon.
You worshipped Wu Jian.
Wu Jian was pleased with you.
You visited 1 branch of the dungeon, and saw 6 of its levels.

You collected 236 gold pieces.


Innate Abilities, Weirdness & Mutations

You are immune to poison.
Your flesh is very heat resistant. (rF++)
You are vulnerable to cold. (rC-)
You float through the air rather than walking.
You learn spells naturally, not from books.
Your magical power is your life essence.
You have superior vitality. (+4 HP)


   Skills:
 * Level 6.2 Fighting
 + Level 3.0 Polearms
 + Level 5.9 Dodging
 - Level 1.5 Stealth
 * Level 6.6 Spellcasting


You couldn't memorise any spells.
You knew the following spells:

 Your Spells              Type           Power      Damage    Failure   Level
a - Sting                 Tmut/Pois      100%       1d8       1%          1
b - Summon Small Mammal   Summ           100%       N/A       1%          1
c - Slow                  Hex            44%        N/A       1%          2
d - Mephitic Cloud        Conj/Pois/Air  44%        N/A       1%          3
e - Portal Projectile     Hex/Tloc       88%        N/A       1%          3
f - Gell's Gravitas       Tloc           22%        N/A       1%          3
g - Ignite Poison         Fire/Tmut/Pois 44%        N/A       1%          3
s - Poisonous Vapours     Pois/Air       88%        N/A       1%          2
w - Olgreb's Toxic Radia  Pois           44%        N/A       6%          4
Your spell library was empty.

Inventory:

Hand Weapons
 a - a +6 demon trident of draining (weapon) {polearm}
   (You acquired it on level 1 of the Dungeon)
Missiles
 b - 33 arrows
 g - 5 boomerangs of dispersal {=f!fthrowing}
 h - 30 poisoned darts {throwing}
 k - 74 sling bullets
 o - 9 bolts
 q - 2 boomerangs {throwing}
 s - 173 stones {throwing}
Armour
 d - a +1 helmet (worn)
   (You found it on level 1 of the Dungeon)
 f - a +0 leather armour (worn)
   (You found it on level 1 of the Dungeon)
 t - a +1 leather armour of cold resistance
   (You took it off Duvessa on level 6 of the Dungeon)
Magical Staves
 e - a staff of death {!astaff}
   (You found it on level 1 of the Dungeon)
 m - a staff of earth {!astaff}
   (You found it on level 5 of the Dungeon)
Jewellery
 c - a +4 ring of protection (left hand)
   (You found it on level 1 of the Dungeon)
 j - a ring of see invisible
   (You acquired it on level 1 of the Dungeon)
 l - a ring of protection from fire
   (You found it on level 3 of the Dungeon)
 r - a +6 ring of intelligence (right hand)
   (You found it on level 6 of the Dungeon)
Wands
 v - a wand of flame (25)
   (You found it on level 4 of the Dungeon)
 x - a wand of iceblast (9)
   (You found it on level 4 of the Dungeon)
Scrolls
 Q - a scroll of immolation {!r!r}
 R - a scroll of magic mapping {!r}
 U - a scroll of fear
 V - 2 scrolls of vulnerability {!r!r}
 Z - 2 scrolls of silence {!r}
Potions
 p - a potion of haste {unknown}
 u - a potion of brilliance {unknown}
 w - a potion of heal wounds {unknown}
 B - a potion of attraction {!q}
 N - a potion of might

Dungeon Overview and Level Annotations

Branches:
Dungeon (6/15)             Temple (0/1) D:5

Altars:
Wu Jian

Shops:
D:5 :

Annotations:
D:3 3 runed translucent doors, Hasart's ghost, amateur DgFi; p0werm0de's ghost, amateur GrFi

....รท.'...........#............#.
...)).#...........#............#.
#...###...........#............#.
#..## ##...##################..##
#..#.. #..##......# ###...###..##
..##...#####......###......?#....
### $$$. #........##.$.$...#....
.# .....##...$$.[โ€ ##..$....#....
.# .....'...$..@Zz.')$...$.#....
.##########.).$$...###.....##....
....# #...โ€ ....# ##..)###.##.
...## ##......## ###'####.### ...#
.. #......# .....#.+..... ...#
....########..$...#.#..... ...#
....'......'...5$.#.#+#### ...##
..####'####.$....#..<.... ....##
##....## ..o..#.......


You could see a wight and a bullfrog skeleton.


Message History

๐Ÿ˜ฑ HP[-3]
You take 3 damage, and now have 15/66 hp.
You impale the bullfrog skeleton!!
You destroy the bullfrog skeleton!
The Council accepts your kill.
The bullfrog skeleton closely misses you.
You puncture the bullfrog skeleton! The bullfrog skeleton hits you.
* * * LOW HITPOINT WARNING * * *
The bullfrog skeleton closely misses you. ๐Ÿ˜ฑ HP[-2]
You take 2 damage, and now have 13/66 hp.
You spin to attack the bullfrog skeleton, but your attack speed is too slow for a blow to land.
The bullfrog skeleton hits you.
* * * LOW HITPOINT WARNING * * *
๐Ÿ˜ฑ HP[-3]
You take 3 damage, and now have 10/66 hp.
You spin and attack the bullfrog skeleton.
You barely miss the bullfrog skeleton.
The bullfrog skeleton hits you but does no damage.
You see here a scorpion corpse.
You see here 8 gold pieces.
You see here 4 gold pieces. ๐Ÿ˜ฑ HP[+1]
The bullfrog zombie hits you but does no damage.
There is an open door here.
You spin and attack the bullfrog zombie.
You puncture the bullfrog zombie!
The bullfrog zombie hits you but does no damage.
You spin and attack the bullfrog zombie.
You puncture the bullfrog zombie!
The bullfrog zombie hits you but does no damage.
You see here 14 gold pieces. ๐Ÿ˜ฑ HP[+1]
Casting: Ignite Poison (safe; 1% risk of failure)
Confirm with . or Enter, or press ? or * to list all spells.
Aiming: Poisonous Vapours (safe; 1% risk of failure)
Press: ? - help, Dir - move target, f - ogre
Aim: an ogre, wielding a +0 giant club (heavily wounded) Poisonous vapours surround the ogre!
* * * LOW HITPOINT WARNING * * *
The bullfrog zombie hits you but does no damage.
The bullfrog zombie hits you.
* * * LOW HITPOINT WARNING * * *
๐Ÿ˜ฑ HP[-6]
You take 6 damage, and now have 6/66 hp.
Unknown command.
You puncture the bullfrog zombie!
The ogre is engulfed in poison gas.
The ogre is poisoned.
The bullfrog zombie barely misses you.
You impale the bullfrog zombie!!
You destroy the bullfrog zombie!
The Council accepts your kill.
The ogre closely misses you. ๐Ÿ˜ฑ HP[+1]
Casting: Poisonous Vapours (safe; 1% risk of failure)
Confirm with . or Enter, or press ? or * to list all spells.
You ignite the poison in your surroundings!
The ogre seems to burn from within!
You kill the ogre!
The Council accepts your kill.
* * * LOW HITPOINT WARNING * * *
The bullfrog skeleton barely misses you.
Your Polearms skill increases to level 3! ๐Ÿ˜ฑ HP[-3]
You take 3 damage, and now have 4/66 hp.
You spin to attack the bullfrog skeleton, but your attack speed is too slow for a blow to land.
The bullfrog skeleton hits you but does no damage.
You spin and attack the bullfrog skeleton.
You puncture the bullfrog skeleton! The bullfrog skeleton hits you.
* * * LOW HITPOINT WARNING * * *
You see here a +0 giant club {mace}. ๐Ÿ˜ฑ HP[-1]
You take 1 damage, and now have 3/66 hp.
The bullfrog skeleton hits you but does no damage.
There is an open door here. ๐Ÿ˜ฑ HP[+1]
Casting: Ignite Poison (safe; 1% risk of failure)
Confirm with . or Enter, or press ? or * to list all spells.
Aiming: Slow (safe; 1% risk of failure)
Press: ? - help, Shift-Dir - straight line, f - bullfrog skeleton
Aim: a bullfrog skeleton (almost destroyed, chance to affect: 87%)
The bullfrog skeleton barely resists.
* * * LOW HITPOINT WARNING * * *
The bullfrog skeleton hits you but does no damage.
The bullfrog skeleton closely misses you. ๐Ÿ˜ฑ HP[-2]
You take 2 damage, and now have 2/66 hp.
Casting: Slow (safe; 1% risk of failure)
Confirm with . or Enter, or press ? or * to list all spells.
You don't have enough health to cast this spell.
Unknown command.
Unknown command.
You see here 4 gold pieces.
It was a potion of cancellation.
Your magical effects are unravelling.
You feel magically purged.
You feel a little less mighty now.
The bullfrog skeleton hits you but does no damage.
The bullfrog skeleton barely misses you.
The wight hits you from afar with a +0 halberd!
You die...

Skill      XL: |  1  2  3  4  5  6  7  8  9 |
---------------+----------------------------+-----
Spellcasting   | 3 4 5 6 |  6.6
Fighting       | 1 2 3 4 6 |  6.2
Dodging        | 3 4 5 |  5.9
Polearms       | 1 2 3 |  3.0
Stealth        | |  1.5

Action                   |  1- 3 |  4- 6 |  7- 9 || total
-------------------------+-------+-------+-------++-------
Melee: Dagger            |     2 |       |       ||     2
       Demon trident     |     7 |    48 |    61 ||   116
 Cast: Sting             |    23 |     2 |       ||    25
       Poisonous Vapours |    40 |    35 |     6 ||    81
       Ignite Poison     |       |     3 |     9 ||    12
       Olgreb's Toxic Ra |       |     2 |     6 ||     8
       Summon Small Mamm |       |     1 |       ||     1
       Slow              |       |       |     7 ||     7
Invok: Lunge             |       |     1 |       ||     1
       Whirlwind         |       |       |     7 ||     7
  Use: Scroll            |     3 |    13 |     3 ||    19
       Potion            |       |       |     4 ||     4
 Stab: Sleeping          |       |     2 |       ||     2
Armor: Robe              |     6 |       |       ||     6
       Leather armour    |     5 |    26 |    33 ||    64
Dodge: Dodged            |    20 |    40 |    55 ||   115

Levels and vault maps discovered:
D:1:      minmay_arrival_five_plusses, layout_basic, minmay_strange_pillars
D:2:      layout_loops_corners, minmay_tromino_v2, uniq_robin, uniq_sigmund
D:3:      layout_basic, gammafunk_ghost_cemetery,
          chequers_ecumenical_altar_grove
D:4:      layout_basic
D:5:      layout_loops_ring, minmay_temple_entry_wispy, serial_shops,
          shop_statue, hex_large
D:6:      minmay_polygon_palace, layout_gridville, uniq_duvessa, uniq_edmund

Notes
Turn   | Place    | Note
-------+----------+-------------------------------------------
     0 | D:1      | wakim the Djinni Venom Mage began the quest for the Orb.
     0 | D:1      | Reached XP level 1. HP: 15/15 MP: 0/0
     0 | D:1      | magus.rc [v1.9.6]
   241 | D:1      | Reached XP level 2. HP: 5/22 MP: 0/0
   694 | D:1      | Reached skill level 3 in Spellcasting
   948 | D:1      | Identified a scroll of acquirement
   948 | D:1      | Acquired a ring of see invisible
  1140 | D:1      | Reached skill level 1 in Fighting
  1283 | D:1      | Reached XP level 3. HP: 24/27 MP: 0/0
  1283 | D:1      | Learned a level 1 spell: Summon Small Mammal
  1940 | D:1      | Acquired a +5 demon trident of draining
  2438 | D:2      | Noticed Robin
  2446 | D:2      | Killed Robin
  2451 | D:2      | Reached XP level 4. HP: 13/32 MP: 0/0
  3014 | D:2      | Reached skill level 3 in Dodging
  3037 | D:2      | Noticed Sigmund
  3055 | D:2      | Killed Sigmund
  3056 | D:2      | Reached skill level 2 in Fighting
  3056 | D:2      | Reached skill level 4 in Spellcasting
  3056 | D:2      | Reached XP level 5. HP: 31/39 MP: 0/0
  3056 | D:2      | Learned a level 2 spell: Slow
  3056 | D:2      | Reached XP level 6. HP: 36/45 MP: 0/0
  3662 | D:3      | Found a runed translucent gate.
  3662 | D:3      | Found a runed translucent gate.
  3662 | D:3      | Found a runed translucent gate.
  3666 | D:3      | Noticed p0werm0de's ghost (amateur GrFi)
  3666 | D:3      | Noticed Hasart's ghost (amateur DgFi)
  4173 | D:3      | Found a faded altar of an unknown god.
  4176 | D:3      | Became a worshipper of the Wu Jian Council
  4176 | D:3      | Reached * piety under Wu Jian
  4525 | D:4      | Reached skill level 4 in Dodging
  4742 | D:4      | Reached skill level 3 in Fighting
  5120 | D:5      | Entered Level 5 of the Dungeon
  5158 | D:5      | Found Behiqod's Book Shoppe.
  5264 | D:5      | Found a staircase to the Ecumenical Temple.
  6062 | D:6      | Noticed Dowan
  6063 | D:6      | Noticed Duvessa
  6075 | D:6      | Killed Duvessa
  6075 | D:6      | Killed Dowan
  6076 | D:6      | Reached skill level 5 in Spellcasting
  6076 | D:6      | Reached XP level 7. HP: 39/51 MP: 0/0
  6076 | D:6      | Learned a level 3 spell: Portal Projectile
  6175 | D:6      | Reached skill level 1 in Polearms
  6377 | D:6      | Reached skill level 4 in Fighting
  6859 | D:6      | Reached XP level 8. HP: 51/58 MP: 0/0
  6984 | D:6      | Reached skill level 5 in Dodging
  7093 | D:6      | Reached skill level 2 in Polearms
  7101 | D:6      | Reached ** piety under Wu Jian
  7102 | D:6      | Reached skill level 5 in Fighting
  7119 | D:6      | HP: 12/59 [wight/+0 halberd (11)]
  7137 | D:6      | Noticed Edmund
  7147 | D:6      | HP: 13/59 [scorpion (1)]
  7155 | D:6      | Reached skill level 6 in Spellcasting
  7155 | D:6      | HP: 10/60 [bullfrog skeleton (3)]
  7167 | D:6      | Killed Edmund
  7168 | D:6      | Reached skill level 6 in Fighting
  7168 | D:6      | Reached XP level 9. HP: 18/66 MP: 0/0
  7168 | D:6      | Learned a level 3 spell: Gell's Gravitas
  7168 | D:6      | HP: 15/66 [bullfrog skeleton (3)]
  7182 | D:6      | HP: 6/66 [bullfrog zombie (4)]
  7187 | D:6      | Reached skill level 3 in Polearms
  7188 | D:6      | HP: 3/66 [bullfrog skeleton (1)]
  7195 | D:6      | Slain by a wight

Vanquished Creatures
  Sigmund (D:2)
  2 steam dragons (D:6)
  Edmund (D:6)
  Duvessa (D:6)
  An ice beast (D:6)
  3 ogres (D:6)
  A centaur (D:6)
  4 scorpions (D:6)
  Dowan (D:6)
  3 bullfrog zombies (D:6)
  A centaur skeleton (D:4)
  2 hounds
  2 iguanas (D:6)
  A bullfrog skeleton (D:6)
  A hound zombie (D:5)
  A hound skeleton (D:4)
  Robin (D:2)
  2 howler monkey zombies
  7 gnolls
  An adder (D:4)
  A white imp (D:5)
  An ufetubus (D:6)
  10 orcs
  9 bats
  5 endoplasms
  2 giant cockroaches
  11 goblins
  5 hobgoblins
  16 jackals
  3 quokkas
  5 ball pythons
  A frilled lizard (D:2)
  4 kobolds
  4 rats
114 creatures vanquished.

Vanquished Creatures (collateral kills)
  A hound skeleton (D:5)
1 creature vanquished.

Vanquished Creatures (others)
  3 withered plants (D:3)
3 creatures vanquished.

Grand Total: 118 creatures vanquished

Table legend:
 A = Non-vault XP
 B = Vault XP
 C = Vault XP percentage of total XP
 D = Non-vault monster count
 E = Vault monster count
 F = Vault count percentage of total count
                 A         B        C        D         E       F
            +---------+---------+-------+---------+---------+-------
      Total |     988 |    1676 |  62.9 |      90 |      25 |  21.7
            +---------+---------+-------+---------+---------+-------
        D:1 |      46 |       0 |   0.0 |      26 |       0 |   0.0
        D:2 |      20 |     260 |  92.9 |      13 |       9 |  40.9
        D:3 |      41 |       0 |   0.0 |      21 |       0 |   0.0
        D:4 |     157 |       0 |   0.0 |      12 |       0 |   0.0
        D:5 |      83 |       0 |   0.0 |       4 |       0 |   0.0
        D:6 |     641 |    1416 |  68.8 |      14 |      16 |  53.3
            +---------+---------+-------+---------+---------+-------

Illustrated notes

Table legend:
 A = Kills in this place as a percentage of kills in entire the game.
 B = Kills by you in this place as a percentage of kills by you in the entire game.
 C = Kills by friends in this place as a percentage of kills by friends in the entire game.
 D = Other kills in this place as a percentage of other kills in the entire game.
 E = Experience gained in this place as a percentage of experience gained in the entire game.
 F = Experience gained in this place divided by the number of levels of this place that you have seen.
                   A       B       C       D       E      F
               +-------+-------+-------+-------+-------+----------------------
         Total | 100.0 | 100.0 | 100.0 |   N/A | 100.0 | 444.0
       Dungeon | 100.0 | 100.0 | 100.0 |   N/A | 100.0 | 444.0
               +-------+-------+-------+-------+-------+----------------------

Table legend: (Time is in decaauts)
 A = Elapsed time spent in this place.
 B = Non-inter-level travel time spent in this place.
 C = Inter-level travel time spent in this place.
 D = Time resting spent in this place.
 E = Time spent auto-exploring this place.
 F = Levels seen in this place.
 G = Mean time per level.
                   A        B        C        D        E       F      G
               +--------+--------+--------+--------+--------+-----+--------+
         Total |   7211 |   7024 |    187 |    240 |   6036 |   6 | 1201.8 |
       Dungeon |   7211 |   7024 |    187 |    240 |   6036 |   6 | 1201.8 |
               +--------+--------+--------+--------+--------+-----+--------+

Top non-repeatable levels by time:
     D:1: 1978 daAuts
     D:2: 1315 daAuts
     D:6: 1177 daAuts
     D:3: 1033 daAuts
     D:5: 909 daAuts
     D:4: 796 daAuts
